 Dungeon Crawl Stone Soup version 0.31-a0-851-g7ff8af7976 (webtiles) character file.

Game seed: 12194735684301605583

56 Rocko1345 the Sneak (level 4, -2/27 HPs)
             Began as a Kobold Brigand on Oct 7, 2023.
             Slain by Sigmund
             ... wielding a +0 scythe
              (7 damage)
             ... on level 3 of the Dungeon.
             The game lasted 00:10:52 (1823 turns).

Rocko1345 the Sneak (Kobold Brigand)                Turns: 1823, Time: 00:10:52

Health: -2/27      AC:  3    Str:  8    XL:     4   Next: 17%
Magic:  4/4        EV: 14    Int: 12    God:
Gold:   104        SH:  0    Dex: 18    Spells: 2/3 levels left

rFire   . . .        a - +2 dagger
rCold   . . .        (no shield)
rNeg    . . .        b - +0 robe
rPois   .            (no helmet)
rElec   .            c - +0 cloak
rCorr   +            (no gloves)
SInv    .            (no boots)
Will    .....        (no amulet)
Stlth   ++++         p - ring of resist corrosion
HPRegen 0.24/turn    (no ring)
MPRegen 0.09/turn

%: no passive effects
@: no status effects
A: small, no large weapons, nightstalker 3
a: no special abilities


You were on level 3 of the Dungeon.
You visited 1 branch of the dungeon, and saw 3 of its levels.

You collected 104 gold pieces.

Inventory:

Hand Weapons
 a - a +2 dagger (weapon)
Missiles
 d - 9 poisoned darts (quivered)
 e - 3 curare-tipped darts
Armour
 b - a +0 robe (worn)
 c - a +0 cloak (worn)
Jewellery
 p - a ring of resist corrosion (left hand)
Scrolls
 f - a scroll of poison {unknown}
 g - a scroll of enchant armour {unknown}
 i - a scroll of blinking {unknown}
 k - a scroll of teleportation {unknown}
 n - a scroll of fog {unknown}
 o - a scroll of vulnerability {unknown}
 r - a scroll of identify {unknown}
 s - 2 scrolls of amnesia {unknown}
Potions
 h - a potion of berserk rage {unknown}
 l - a potion of ambrosia {unknown}
 m - a potion of degeneration {unknown}
 q - a potion of heal wounds {unknown}
 t - a potion of lignification {unknown}


   Skills:
 + Level 2.6 Fighting
 * Level 3.7 Short Blades
 + Level 2.6 Throwing
 + Level 1.8 Dodging
 * Level 5.9 Stealth
 + Level 0.3 Spellcasting


You had 2 spell levels left.
You knew the following spells:

 Your Spells              Type           Power      Damage    Failure   Level
a - Freeze                Ice            0%         1d3       32%         1

Your spell library contained the following spells:

 Spells                   Type           Power      Damage    Failure   Level
 Frozen Ramparts          Ice            0%         1d1       69%         3
 Hailstorm                Conj/Ice       0%         3d3       69%         3
 Passage of Golubria      Tloc           0%         N/A       97%         4
 Silence                  Hex/Air        0%         N/A       100%        5
 Lehudib's Crystal Spear  Conj/Erth      0%         10d2      100%        8


Dungeon Overview and Level Annotations

Branches:
Dungeon (3/15)

Altars:

Annotations:
D:3 Sigmund


Innate Abilities, Weirdness & Mutations

You are small and have problems with some larger weapons.
You are completely attuned to the shadows.


Message History

Sigmund is nearby!
Sigmund points at you and mumbles some strange words.
You resist with some effort.
Sigmund is nearby!
Sorry, you're not good enough to have a special ability.
Okay, then.
Sigmund points at you and mumbles some strange words.
The magic dart hits you!
You hit Sigmund.
Sigmund is lightly wounded.
Sigmund points at you and mumbles some strange words.
The magic dart hits you!
You hit Sigmund.
Sigmund is moderately wounded.
Sigmund barely misses you.
You closely miss Sigmund.
Sigmund is moderately wounded.
You hit Sigmund.
Sigmund is moderately wounded.
Sigmund casts a spell.
Sigmund flickers and vanishes!
Deactivating autopickup; reactivate with Ctrl-A.
You closely miss something.
You hear some strange, mumbled words.
A magic dart appears from out of thin air!
The magic dart hits you!
* * * LOW HITPOINT WARNING * * *
You feel better. Something barely misses you.
You feel better.
You closely miss something. Your punch misses something. Something hits you.
You closely miss something. You hit something but do no damage.
Something hits you.
You hit something.
You hear some strange, mumbled words.
A magic dart appears from out of thin air!
The magic dart hits you.
* * * LOW HITPOINT WARNING * * *
You miss something. You hit something but do no damage. Something hits you!
You die...

### ##.##
##.#.########
#########.###.##.....
#........## ##{.....#
#.#######.###@##.##.
###.### ##.#...#.#
#.....# ##......#
#.#.#.# ##...#.#
#.#.#.# ##$##.#
#.#.#.# #.##.#
#.....# #.# ..
###.### ##+## #.#
##...##


There were no monsters in sight!

Vanquished Creatures
  2 adders (D:2)
  3 dart slugs (D:2)
  4 endoplasms
  A giant cockroach (D:1)
  2 goblins (D:1)
  A hobgoblin (D:2)
  3 kobolds (D:1)
  A quokka (D:1)
  9 ball pythons
  A bat (D:1)
  2 frilled lizards (D:1)
  4 rats
33 creatures vanquished.

Notes
Turn   | Place    | Note
-------+----------+-------------------------------------------
     0 | D:1      | Rocko1345 the Kobold Brigand began the quest for the Orb.
     0 | D:1      | Reached XP level 1. HP: 12/12 MP: 1/1
   185 | D:1      | Reached XP level 2. HP: 17/17 MP: 2/2
   562 | D:1      | Reached XP level 3. HP: 22/22 MP: 3/3
   685 | D:2      | Learned a level 1 spell: Freeze
  1214 | D:2      | Reached XP level 4. HP: 25/27 MP: 4/4
  1791 | D:3      | Noticed Sigmund
  1815 | D:3      | HP: 1/27 [something/magic dart (10)]
  1823 | D:3      | Slain by Sigmund

Illustrated notes

Levels and vault maps discovered:
D:1:      minmay_arrival_checkered_box, layout_basic
D:2:      layout_basic, minmay_shallow_snake_nest, uniq_robin
D:3:      layout_loops_corners, reono_crystal_passage, uniq_sigmund

Skill      XL: |  1  2 |
---------------+-------+-----
Short Blades   | 3 |  3.7
Fighting       | |  2.6
Throwing       | |  2.6
Dodging        | |  1.8
Stealth        | |  5.9
Spellcasting   | |  0.3

Action                     |  1- 3 |  4- 6 || total
---------------------------+-------+-------++-------
  Melee: Dagger            |    75 |    17 ||    92
         Punch             |     1 |       ||     1
    Use: Potion            |       |     3 ||     3
   Stab: Sleeping          |    14 |     2 ||    16
 Armour: Robe              |    23 |     8 ||    31
  Dodge: Dodged            |    39 |     3 ||    42

Table legend: (Time is in decaauts)
 A = Elapsed time spent in this place.
 B = Non-inter-level travel time spent in this place.
 C = Inter-level travel time spent in this place.
 D = Time resting spent in this place.
 E = Time spent auto-exploring this place.
 F = Levels seen in this place.
 G = Mean time per level.
                   A        B        C        D        E       F      G
               +--------+--------+--------+--------+--------+-----+--------+
         Total |   1807 |   1693 |    114 |     92 |   1193 |   3 |  602.3 |
       Dungeon |   1807 |   1693 |    114 |     92 |   1193 |   3 |  602.3 |
               +--------+--------+--------+--------+--------+-----+--------+

Top non-repeatable levels by time:
     D:2: 1089 daAuts
     D:1: 633 daAuts
     D:3: 84 daAuts
